 Seeded DCSS version 0.29-a0-613-gf2c431b9b9 (webtiles) character file.

Game seed: 16540029993331354961 (custom seed)

31 happo123 the Ruffian (level 3, -1/33 HPs)
             Began as a Troll Transmuter on June 17, 2022.
             Slain by Sigmund
             ... wielding a +0 scythe
              (10 damage)
             ... on level 2 of the Dungeon.
             The game lasted 00:03:49 (598 turns).

happo123 the Ruffian (Troll Transmuter)              Turns: 598, Time: 00:03:49

Health: -1/33      AC:  4    Str: 18    XL:     3   Next: 7%
Magic:  4/4        EV:  9    Int: 11    God:
Gold:   25         SH:  0    Dex: 10    Spells: 1/4 levels left

rFire   . . .      SeeInvis .     - Unarmed
rCold   . . .      Faith    .   (no shield)
rNeg    . . .      Spirit   .   a - +0 robe
rPois   .          Reflect  .   (helmet restricted)
rElec   .          Harm     .   (no cloak)
rCorr   .          Rampage  .   (gloves unavailable)
Will    .....                   (boots unavailable)
Stlth   +.........              (no amulet)
HPRegen 0.91/turn               (no ring)
MPRegen 0.09/turn               (no ring)

@: confused
A: large, unfitting armour, claws 3, regeneration 1, shaggy fur 1, tough skin 1
a: no special abilities


You were on level 2 of the Dungeon.
You visited 1 branch of the dungeon, and saw 2 of its levels.

You collected 25 gold pieces.

Inventory:

Hand Weapons
 j - a +3 hunting sling of freezing
Missiles
 l - a throwing net
Armour
 a - a +0 robe (worn)
Scrolls
 c - a scroll of noise {unknown}
 e - a scroll of identify {unknown}
 i - a scroll of amnesia {unknown}
 k - a scroll of enchant weapon {unknown}
Potions
 b - a potion of lignification
 d - a potion of flight {unknown}
 f - a potion of ambrosia {unknown}
 g - a potion of curing {unknown}
 h - a potion of mutation {unknown}


   Skills:
 + Level 1.0 Fighting
 + Level 1.7 Dodging
 * Level 3.3 Unarmed Combat
 + Level 1.3 Spellcasting
 * Level 1.8 Transmutations
 + Level 0.4 Ice Magic


You had one spell level left.
You knew the following spells:

 Your Spells              Type           Power      Damage    Failure   Level
a - Beastly Appendage     Tmut           8%         N/A       14%         1
b - Wereblood             Tmut           4%         N/A       22%         2

Your spell library contained the following spells:

 Spells                   Type           Power      Damage    Failure   Level
 Spider Form              Tmut/Pois      2%         N/A       54%         3
 Ice Form                 Ice/Tmut       3%         N/A       89%         4
 Corpse Rot               Necr/Pois/Air  0%         N/A       97%         4
 Dispel Undead            Necr           0%         3d6       97%         4
 Death Channel            Necr           0%         N/A       100%        6


Dungeon Overview and Level Annotations

Branches:
Dungeon (2/15)

Altars:

Annotations:
D:2 Sigmund


Innate Abilities, Weirdness & Mutations

You are too large for most types of armour.
You have claws for hands.
Your natural rate of healing is unusually fast.
You are covered in fur. (AC +1)
You have tough skin. (AC +1)


Message History

The bat hits you but does no damage.
Sigmund points at you and mumbles some strange words.
The magic dart hits you. The dart slug launches a dart at you.
The slug dart hits you but does no damage.
A hobgoblin comes into view.
The frilled lizard barely misses you.
The hobgoblin shouts!
You scratch Sigmund.
Sigmund is heavily wounded.
The bat hits you.
Sigmund points at you and mumbles some strange words.
You are confused.
The frilled lizard bites you. The dart slug launches a dart at you.
The slug dart hits you. Sigmund closely misses you.
The bat hits you but does no damage.
You scratch Sigmund but do no damage.
Sigmund is heavily wounded.
The bat barely misses you. The kobold barely misses you.
The frilled lizard bites you but does no damage.
Sigmund hits you with a +0 scythe!
* * * LOW HITPOINT WARNING * * *
You claw the dart slug!
You kill the dart slug!
The bat hits you but does no damage.
The frilled lizard completely misses you.
The kobold barely misses you. The bat attacks as you move away!
The bat completely misses you. The kobold attacks as you move away!
The kobold hits you but does no damage.
You're too confused to move!
The bat hits you but does no damage. Sigmund barely misses you.
The frilled lizard closely misses you. The kobold attacks as you move away!
The kobold hits you with a +0 dagger.
* * * LOW HITPOINT WARNING * * *
The bat hits you.
* * * LOW HITPOINT WARNING * * *
The kobold throws a stone.
The stone hits you but does no damage.
You scratch the bat but do no damage. The bat hits you but does no damage.
Sigmund hits you from afar with a +0 scythe!
You die...

........#
.........#
#........# #.
.........## ..
#......... .# .
#........####..#
#.#......†......#
#.........@.@#
...........lg##
........#.bK..#
..###.<.....#
######"....
#..... #......#
#......# .......


You could see Sigmund, a hobgoblin, a bat, a kobold and a frilled lizard.

Vanquished Creatures
  2 dart slugs
  2 ball pythons (D:1)
  2 bats (D:1)
  2 endoplasms (D:1)
  3 goblins (D:1)
  6 jackals (D:1)
  3 quokkas (D:1)
  3 kobolds (D:1)
  A rat (D:1)
24 creatures vanquished.

Notes
Turn   | Place    | Note
-------+----------+-------------------------------------------
     0 | D:1      | happo123 the Troll Transmuter began the quest for the Orb.
     0 | D:1      | Reached XP level 1. HP: 18/18 MP: 1/1
   114 | D:1      | Reached XP level 2. HP: 26/26 MP: 2/2
   211 | D:1      | Reached skill level 1 in Fighting
   438 | D:1      | Found a faded altar of an unknown god.
   452 | D:1      | Reached XP level 3. HP: 33/33 MP: 2/4
   455 | D:1      | Learned a level 2 spell: Wereblood
   571 | D:2      | Noticed Sigmund
   598 | D:2      | Slain by Sigmund

Illustrated notes

Levels and vault maps discovered:
D:1:      dpeg_arrival_arbitrary_a, layout_rooms,
          ebering_ecumenical_altar_abandoned
D:2:      layout_rooms, uniq_natasha, uniq_sigmund

Skill      XL: |  1  2 |
---------------+-------+-----
Fighting       | 1 |  1.0
Dodging        | |  1.7
Unarmed Combat | |  3.3
Spellcasting   | |  1.3
Transmutations | |  1.8
Ice Magic      | |  0.4

Action                   || total
-------------------------++-------
Melee: Unarmed           ||    64
       Kick              ||     3
       Headbutt          ||     2
       Punch             ||     1
 Cast: Beastly Appendage ||     5
Armor: Robe              ||    28
Dodge: Dodged            ||    42

Table legend: (Time is in decaauts)
 A = Elapsed time spent in this place.
 B = Non-inter-level travel time spent in this place.
 C = Inter-level travel time spent in this place.
 D = Time resting spent in this place.
 E = Time spent auto-exploring this place.
 F = Levels seen in this place.
 G = Mean time per level.
                   A        B        C        D        E       F      G
               +--------+--------+--------+--------+--------+-----+--------+
         Total |    593 |    529 |     64 |      0 |    341 |   2 |  296.5 |
       Dungeon |    593 |    529 |     64 |      0 |    341 |   2 |  296.5 |
               +--------+--------+--------+--------+--------+-----+--------+

Top non-repeatable levels by time:
     D:1: 567 daAuts
     D:2: 25 daAuts
